| TOP OF THE 1ST |
|
Billings Mustangs batting - Pitching for Idaho Falls Spuds : RHP Chris Baird
|
|
Pitching: RHP Chris Baird
|
|
|
Batting: SHB Terrence Derby
|
0-0: Swinging Strike 0-1: Ball 1-1: Ball 2-1: Ball 3-1: Base on Balls
|
|
Batting: RHB Joseph Kramer
|
0-0: Ball 1-0: Called Strike 1-1: Ball 2-1: Swinging Strike 2-2: Fly out, F8 (Line Drive, 8LD, EV 95.6 MPH)
|
|
Batting: LHB Dave Verkuilen
|
0-0: Ball 1-0: Ball 2-0: Called Strike 2-1: Called Strike Terrence Derby steals 2nd base 2-2: Fly out, F6 (Flyball, 56D, EV 88.1 MPH)
|
|
Batting: RHB James Hudson
|
0-0: Ball 1-0: Ground out 6-3 (Groundball, 6, EV 86.3 MPH)
|
| Top of the 1st over - 0 runs, 0 hits, 0 errors, 1 left on base; Billings 0 - Idaho Falls 0 |
| BOTTOM OF THE 1ST |
|
Idaho Falls Spuds batting - Pitching for Billings Mustangs : LHP Rick Felt
|
|
Pitching: LHP Rick Felt
|
|
|
Batting: RHB Ken Williams
|
0-0: Ball 1-0: Ball 2-0: Ball 3-0: Base on Balls
|
|
Batting: RHB Tony Porras
|
0-0: Called Strike 0-1: Grounds into double play, 6-4-3 (Groundball, 6, EV 78.1 MPH)
|
|
Batting: RHB John Thornton
|
0-0: Swinging Strike 0-1: Foul Ball, location: 2F 0-2: Foul Ball, location: 2F 0-2: Ball 1-2: Ball 2-2: Ball 3-2: Ground out 4-3 (Groundball, 4, EV 87.5 MPH)
|
| Bottom of the 1st over - 0 runs, 0 hits, 0 errors, 0 left on base; Billings 0 - Idaho Falls 0 |
| TOP OF THE 2ND |
|
Billings Mustangs batting - Pitching for Idaho Falls Spuds : RHP Chris Baird
|
|
Batting: RHB Timothy Smith
|
0-0: Ball 1-0: Ball 2-0: Ball 3-0: Base on Balls
|
|
Batting: RHB Bob Berry
|
0-0: Ball 1-0: Ball 2-0: Swinging Strike 2-1: Called Strike 2-2: Ball 3-2: Foul Ball, location: 2F 3-2: Base on Balls Timothy Smith to second
|
|
Batting: RHB Randy Day
|
0-0: 3-RUN HOME RUN (Flyball, 89XD, EV 100.0 MPH), Distance : 419 ft
|
|
Batting: RHB Leonidas Nolasco
|
0-0: SINGLE (Flyball, 4D, EV 96.3 MPH)
|
|
Batting: RHB Eric Halberg
|
0-0: Ball Wild Pitch! Leonidas Nolasco to second 1-0: Ball 2-0: Fly out, F8 (Flyball, 8RXD, EV 80.0 MPH) Runner from 2nd tags up, SAFE at 3rd, no throw by CF
|
|
Batting: SHB Terrence Derby
|
0-0: Called Strike 0-1: Foul Ball, location: 2F 0-2: Ball 1-2: Ball 2-2: SINGLE (Groundball, 34D, EV 100.6 MPH) Leonidas Nolasco scores
|
|
Batting: RHB Joseph Kramer
|
0-0: Ball Wild Pitch! Terrence Derby to second 1-0: Called Strike 1-1: Ball 2-1: Foul Ball, location: 2F 2-2: Fly out, F8 (Flyball, 89M, EV 90.0 MPH)
|
|
Batting: LHB Dave Verkuilen
|
0-0: Called Strike 0-1: SINGLE (Groundball, 4MD, EV 104.4 MPH) Terrence Derby to third Runner from 3rd tries for Home, SAFE, throw by CF to home
|
|
Batting: RHB James Hudson
|
0-0: Called Strike 0-1: Ball 1-1: Ball 2-1: DOUBLE (Flyball, 8LXD, EV 91.9 MPH) Dave Verkuilen to third Runner from 3rd tries for Home, SAFE, throw by CF to home
|
|
Batting: RHB Timothy Smith
|
0-0: Called Strike 0-1: Ball 1-1: SINGLE (Line Drive, 89S, EV 108.8 MPH) James Hudson to third Runner from 3rd tries for Home, SAFE, throw by RF to home Timothy Smith to second
|
|
Batting: RHB Bob Berry
|
0-0: SINGLE (Flyball, 89S, EV 93.1 MPH) Timothy Smith to third Runner from 3rd tries for Home, SAFE, throw by CF to home
|
|
Pitching: RHP Jack Gallo
|
|
|
Batting: RHB Randy Day
|
0-0: Ball 1-0: Ball 2-0: Foul Ball, location: 2F 2-1: SINGLE (Groundball, 34S, EV 99.4 MPH) Bob Berry to second
|
|
Batting: RHB Leonidas Nolasco
|
0-0: Fly out, F8 (Flyball, 8RD, EV 86.9 MPH)
|
| Top of the 2nd over - 8 runs, 8 hits, 0 errors, 2 left on base; Billings 8 - Idaho Falls 0 |
| BOTTOM OF THE 2ND |
|
Idaho Falls Spuds batting - Pitching for Billings Mustangs : LHP Rick Felt
|
|
Batting: RHB Henry Smith
|
0-0: Ball 1-0: Swinging Strike 1-1: Ground out U3 (Groundball, 3L, EV 87.5 MPH)
|
|
Batting: LHB Darcy Walker
|
0-0: Ground out 6-3 (Groundball, 6, EV 81.3 MPH)
|
|
Batting: RHB Kris Kline
|
0-0: Ground out 4-3 (Groundball, 4M, EV 100.0 MPH)
|
| Bottom of the 2nd over - 0 runs, 0 hits, 0 errors, 0 left on base; Billings 8 - Idaho Falls 0 |
| TOP OF THE 3RD |
|
Billings Mustangs batting - Pitching for Idaho Falls Spuds : RHP Jack Gallo
|
|
Batting: RHB Eric Halberg
|
0-0: Ball 1-0: Called Strike 1-1: Swinging Strike 1-2: Ball 2-2: Foul Ball, location: 2F 2-2: Foul Ball, location: 2F 2-2: Ball 3-2: Foul Ball, location: 2F 3-2: Foul Ball, location: 2F 3-2: Ground out 6-3 (Groundball, 6S, EV 80.0 MPH)
|
|
Batting: SHB Terrence Derby
|
0-0: Ground out 1-3 (Groundball, 15S, EV 68.1 MPH)
|
|
Batting: RHB Joseph Kramer
|
0-0: Called Strike 0-1: Ball 1-1: Ball 2-1: Foul Ball, location: 2F 2-2: Ball 3-2: Base on Balls
|
|
Batting: LHB Dave Verkuilen
|
0-0: Called Strike 0-1: 2-RUN HOME RUN (Flyball, 89XD, EV 86.3 MPH), Distance : 403 ft
|
|
Batting: RHB James Hudson
|
0-0: Fly out, F3 (Popup, 23F, EV 85.6 MPH)
|
| Top of the 3rd over - 2 runs, 1 hit, 0 errors, 0 left on base; Billings 10 - Idaho Falls 0 |
| BOTTOM OF THE 3RD |
|
Idaho Falls Spuds batting - Pitching for Billings Mustangs : LHP Rick Felt
|
|
Batting: RHB Brian Dorsett
|
0-0: TRIPLE (Line Drive, 78XD, EV 109.4 MPH)
|
|
Batting: RHB Juan Barajas
|
0-0: Ball 1-0: Called Strike 1-1: Ball 2-1: Ground out 6-3 (Groundball, 6, EV 85.6 MPH) Brian Dorsett scores
|
|
Batting: RHB Jose Mateo
|
0-0: Called Strike 0-1: Ball 1-1: Foul Ball, location: 2F 1-2: Strikes out swinging
|
|
Batting: RHB Ken Williams
|
0-0: Ball 1-0: SINGLE (Line Drive, 78S, EV 101.9 MPH)
|
|
Batting: RHB Tony Porras
|
0-0: Ball 1-0: Called Strike 1-1: Ball 2-1: Foul Ball, location: 2F 2-2: Foul Ball, location: 2F 2-2: Ground out 4-3 (Groundball, 4, EV 85.6 MPH)
|
| Bottom of the 3rd over - 1 run, 2 hits, 0 errors, 1 left on base; Billings 10 - Idaho Falls 1 |
| TOP OF THE 4TH |
|
Billings Mustangs batting - Pitching for Idaho Falls Spuds : RHP Jack Gallo
|
|
Batting: RHB Timothy Smith
|
0-0: Ground out 4-3 (Groundball, 4, EV 83.8 MPH)
|
|
Batting: RHB Bob Berry
|
0-0: Ball 1-0: Ball 2-0: Ball 3-0: Base on Balls
|
|
Batting: RHB Randy Day
|
0-0: Ball Wild Pitch! Bob Berry to second 1-0: Ball 2-0: Called Strike 2-1: Swinging Strike 2-2: Ball 3-2: DOUBLE (Line Drive, 89M, EV 93.8 MPH) Bob Berry scores
|
|
Batting: RHB Leonidas Nolasco
|
0-0: Ball 1-0: Ground out 4-3 (Groundball, 4S, EV 83.1 MPH) Randy Day to third
|
|
Batting: RHB Eric Halberg
|
0-0: Foul Ball, location: 2F 0-1: Ball 1-1: Called Strike 1-2: Ball 2-2: Foul Ball, location: 2F 2-2: Fly out, F9 (Flyball, 89D, EV 100.6 MPH)
|
| Top of the 4th over - 1 run, 1 hit, 0 errors, 1 left on base; Billings 11 - Idaho Falls 1 |
| BOTTOM OF THE 4TH |
|
Idaho Falls Spuds batting - Pitching for Billings Mustangs : LHP Rick Felt
|
|
Batting: RHB John Thornton
|
0-0: Ball 1-0: Fly out, F8 (Flyball, 78M, EV 88.1 MPH)
|
|
Batting: RHB Henry Smith
|
0-0: Called Strike 0-1: Ball 1-1: Ball 2-1: Called Strike 2-2: Ball 3-2: Base on Balls
|
|
Batting: LHB Darcy Walker
|
0-0: Swinging Strike 0-1: Ball 1-1: Fly out, F4 (Line Drive, 4, EV 66.9 MPH)
|
|
Batting: RHB Kris Kline
|
0-0: Foul Ball, location: 2F 0-1: Ball 1-1: SINGLE (Groundball, 34D, EV 103.1 MPH) Henry Smith to second
|
|
Batting: RHB Brian Dorsett
|
0-0: Called Strike 0-1: Fly out, F9 (Flyball, 9LS, EV 91.3 MPH)
|
| Bottom of the 4th over - 0 runs, 1 hit, 0 errors, 2 left on base; Billings 11 - Idaho Falls 1 |
| TOP OF THE 5TH |
|
Billings Mustangs batting - Pitching for Idaho Falls Spuds : RHP Jack Gallo
|
|
Batting: SHB Terrence Derby
|
0-0: Ball 1-0: Foul Ball, location: 2F 1-1: DOUBLE (Line Drive, 3D, EV 107.5 MPH)
|
|
Pitching: RHP Shawn Barton
|
|
|
Batting: RHB Joseph Kramer
|
0-0: SINGLE (Line Drive, 89S, EV 111.3 MPH) Terrence Derby to third
|
|
Batting: LHB Dave Verkuilen
|
0-0: Ball 1-0: Swinging Strike 1-1: Foul Ball, location: 2F 1-2: Ball 2-2: DOUBLE (Flyball, 8LXD, EV 93.8 MPH) Terrence Derby scores Joseph Kramer to third
|
|
Batting: RHB James Hudson
|
0-0: Ball 1-0: Ball 2-0: Called Strike 2-1: Ball 3-1: Swinging Strike 3-2: Foul Ball, location: 2F 3-2: SINGLE (Line Drive, 34D, EV 106.3 MPH) Joseph Kramer scores Dave Verkuilen to third
|
|
Batting: RHB Timothy Smith
|
0-0: Ball 1-0: Called Strike 1-1: Fielders Choice at 2nd, 6-4 (Groundball, 6M, EV 91.3 MPH) Dave Verkuilen scores
|
|
Batting: RHB Bob Berry
|
0-0: Ball 1-0: Ball 2-0: Ball 3-0: Called Strike 3-1: Base on Balls Timothy Smith to second
|
|
Batting: RHB Randy Day
|
0-0: Called Strike 0-1: Called Strike 0-2: Strikes out looking
|
|
Batting: RHB Leonidas Nolasco
|
0-0: Ball 1-0: Called Strike 1-1: Fly out, F8 (Flyball, 8RM, EV 88.8 MPH)
|
| Top of the 5th over - 3 runs, 4 hits, 0 errors, 2 left on base; Billings 14 - Idaho Falls 1 |
| BOTTOM OF THE 5TH |
|
Idaho Falls Spuds batting - Pitching for Billings Mustangs : LHP Rick Felt
|
|
Batting: RHB Juan Barajas
|
0-0: Called Strike 0-1: Foul Ball, location: 2F 0-2: Ball 1-2: Strikes out swinging
|
|
Batting: RHB Jose Mateo
|
0-0: DOUBLE (Line Drive, 3D, EV 94.4 MPH)
|
|
Batting: RHB Ken Williams
|
0-0: Ball 1-0: Swinging Strike 1-1: Called Strike 1-2: Fly out, F6 (Line Drive, 6, EV 76.3 MPH)
|
|
Batting: RHB Tony Porras
|
0-0: Ball 1-0: Swinging Strike 1-1: Ball 2-1: Foul Ball, location: 2F 2-2: Ground out 6-3 (Groundball, 6, EV 78.8 MPH)
|
| Bottom of the 5th over - 0 runs, 1 hit, 0 errors, 1 left on base; Billings 14 - Idaho Falls 1 |
| TOP OF THE 6TH |
|
Billings Mustangs batting - Pitching for Idaho Falls Spuds : RHP Shawn Barton
|
|
Batting: RHB Eric Halberg
|
0-0: Called Strike 0-1: Foul Ball, location: 2F 0-2: Ball 1-2: Ball 2-2: Foul Ball, location: 2F 2-2: Ball 3-2: Strikes out swinging
|
|
Batting: SHB Terrence Derby
|
0-0: Called Strike 0-1: Foul Ball, location: 2F 0-2: Ball 1-2: Foul Ball, location: 2F 1-2: Strikes out swinging, 2-3 out at first.
|
|
Batting: RHB Joseph Kramer
|
0-0: Ball 1-0: Called Strike 1-1: Ball 2-1: SINGLE (Flyball, 78S, EV 87.5 MPH)
|
|
Batting: LHB Dave Verkuilen
|
0-0: Called Strike 0-1: Ball 1-1: Called Strike 1-2: Ball 2-2: Foul Ball, location: 2F 2-2: Ball 3-2: Foul Ball, location: 2F 3-2: Base on Balls Joseph Kramer to second
|
|
Pitching: RHP Ronny Maynard
|
|
|
Batting: RHB James Hudson
|
0-0: Swinging Strike 0-1: Fielders Choice at 2nd, 6-4 (Groundball, 56, EV 110.0 MPH)
|
| Top of the 6th over - 0 runs, 1 hit, 0 errors, 2 left on base; Billings 14 - Idaho Falls 1 |
| BOTTOM OF THE 6TH |
|
Idaho Falls Spuds batting - Pitching for Billings Mustangs : LHP Rick Felt
|
|
Batting: RHB John Thornton
|
0-0: Ball 1-0: Called Strike 1-1: SOLO HOME RUN (Flyball, 9LD, EV 91.9 MPH), Distance : 367 ft
|
|
Batting: RHB Henry Smith
|
0-0: Fly out, F9 (Flyball, 9LM, EV 86.9 MPH)
|
|
Batting: LHB Darcy Walker
|
0-0: Ball 1-0: Ball 2-0: Ball 3-0: Called Strike 3-1: Ground out 4-3 (Groundball, 4, EV 81.9 MPH)
|
|
Batting: RHB Kris Kline
|
0-0: Foul Ball, location: 2F 0-1: Ball 1-1: Ground out 6-3 (Groundball, 6M, EV 80.6 MPH)
|
| Bottom of the 6th over - 1 run, 1 hit, 0 errors, 0 left on base; Billings 14 - Idaho Falls 2 |
| TOP OF THE 7TH |
|
Billings Mustangs batting - Pitching for Idaho Falls Spuds : RHP Ronny Maynard
|
|
Batting: RHB Timothy Smith
|
0-0: Ball 1-0: Called Strike 1-1: Ball 2-1: Ball 3-1: Base on Balls
|
|
Batting: RHB Bob Berry
|
0-0: Ball 1-0: Foul Ball, location: 2F 1-1: Ball 2-1: Ball Wild Pitch! Timothy Smith to second 3-1: Foul Ball, location: 2F 3-2: Fly out, F8 (Flyball, 8RS, EV 90.6 MPH)
|
|
Batting: RHB Randy Day
|
0-0: Foul Ball, location: 2F 0-1: Ball 1-1: Ball 2-1: Ball 3-1: Base on Balls
|
|
Batting: RHB Leonidas Nolasco
|
0-0: Grounds into double play, 5-4-3 (Groundball, 56, EV 90.6 MPH)
|
| Top of the 7th over - 0 runs, 0 hits, 0 errors, 1 left on base; Billings 14 - Idaho Falls 2 |
| BOTTOM OF THE 7TH |
|
Idaho Falls Spuds batting - Pitching for Billings Mustangs : LHP Rick Felt
|
|
Batting: RHB Brian Dorsett
|
0-0: Called Strike 0-1: Swinging Strike 0-2: Ball 1-2: Foul Ball, location: 2F 1-2: Foul Ball, location: 2F 1-2: Foul Ball, location: 2F 1-2: Ground out 5-3 (Groundball, 25, EV 79.4 MPH)
|
|
Batting: RHB Juan Barajas
|
0-0: Ball 1-0: Fly out, F6 (Flyball, 6MD, EV 90.0 MPH)
|
|
Pinch Hitting: LHB Culpepper Smith
|
0-0: Swinging Strike 0-1: Swinging Strike 0-2: Fly out, F8 (Flyball, 8LS, EV 98.1 MPH)
|
| Bottom of the 7th over - 0 runs, 0 hits, 0 errors, 0 left on base; Billings 14 - Idaho Falls 2 |
| TOP OF THE 8TH |
|
Billings Mustangs batting - Pitching for Idaho Falls Spuds : RHP Ronny Maynard
|
|
Now in CF: Culpepper Smith
|
|
|
Batting: RHB Eric Halberg
|
0-0: Foul Ball, location: 2F 0-1: SINGLE (Line Drive, 5D, EV 100.6 MPH)
|
|
Batting: SHB Terrence Derby
|
0-0: Called Strike 0-1: Ball 1-1: Ball 2-1: Ball 3-1: Foul Ball, location: 2F 3-2: Foul Ball, location: 2F 3-2: Foul Ball, location: 2F 3-2: Fly out, F8 (Flyball, 8LXD, EV 93.8 MPH)
|
|
Pinch Hitting: RHB Andy Lawrence
|
0-0: Foul Ball, location: 2F 0-1: Foul Ball, location: 2F 0-2: Foul Ball, location: 2F 0-2: Ball 1-2: Ball 2-2: Foul Ball, location: 2F 2-2: Fly out, F7 (Flyball, 7, EV 71.9 MPH)
|
|
Pinch Hitting: RHB Kenneth Briggs
|
0-0: Ball 1-0: 2-RUN HOME RUN (Line Drive, 78XD, EV 102.5 MPH), Distance : 419 ft
|
|
Batting: RHB James Hudson
|
0-0: Ball 1-0: Swinging Strike 1-1: Foul Ball, location: 2F 1-2: Foul Ball, location: 2F 1-2: Strikes out swinging
|
| Top of the 8th over - 2 runs, 2 hits, 0 errors, 0 left on base; Billings 16 - Idaho Falls 2 |
| BOTTOM OF THE 8TH |
|
Idaho Falls Spuds batting - Pitching for Billings Mustangs : LHP Rick Felt
|
|
Now at 1B: Howard Meier
|
|
|
Now in CF: Andy Lawrence
|
|
|
Pinch Hitting: LHB Danny Parra
|
0-0: Ball 1-0: Ground out 4-3 (Groundball, 4D, EV 102.5 MPH)
|
|
Pinch Hitting: RHB Omar Prieto
|
0-0: Ball 1-0: Ball 2-0: Foul Ball, location: 2F 2-1: Fly out, F8 (Flyball, 8LM, EV 90.6 MPH)
|
|
Batting: RHB John Thornton
|
0-0: Called Strike 0-1: Ball 1-1: Ball 2-1: Fly out, F4 (Line Drive, 4, EV 70.0 MPH)
|
| Bottom of the 8th over - 0 runs, 0 hits, 0 errors, 0 left on base; Billings 16 - Idaho Falls 2 |
| TOP OF THE 9TH |
|
Billings Mustangs batting - Pitching for Idaho Falls Spuds : RHP Ronny Maynard
|
|
Now at SS: Omar Prieto
|
|
|
Now in RF: Danny Parra
|
|
|
Batting: RHB Timothy Smith
|
0-0: Foul Ball, location: 2F 0-1: Called Strike 0-2: Ball 1-2: Ball 2-2: Ball 3-2: Ground out 5-3 (Groundball, 5, EV 100.6 MPH)
|
|
Pitching: RHP Orlando Echenique
|
|
|
Pinch Hitting: RHB Gordon Eakin
|
0-0: Ball 1-0: Swinging Strike 1-1: SINGLE (Line Drive, 9S, EV 96.9 MPH)
|
|
Batting: RHB Randy Day
|
0-0: Called Strike 0-1: Called Strike 0-2: Ball 1-2: Ball 2-2: Ball Wild Pitch! Gordon Eakin to second 3-2: Base on Balls
|
|
Batting: RHB Leonidas Nolasco
|
0-0: Foul Ball, location: 2F 0-1: Ball 1-1: Fielders Choice at 2nd, 5-4 (Groundball, 56, EV 82.5 MPH) Gordon Eakin to third
|
|
Pinch Hitting: RHB Brian Milner
|
0-0: Ball 1-0: Ball Wild Pitch! Gordon Eakin scores Leonidas Nolasco to second 2-0: Called Strike 2-1: Foul Ball, location: 2F 2-2: Ground out 5-3 (Groundball, 5L, EV 85.6 MPH)
|
| Top of the 9th over - 1 run, 1 hit, 0 errors, 1 left on base; Billings 17 - Idaho Falls 2 |
| BOTTOM OF THE 9TH |
|
Idaho Falls Spuds batting - Pitching for Billings Mustangs : LHP Rick Felt
|
|
Now at C: Brian Milner
|
|
|
Now at 3B: Gordon Eakin
|
|
|
Pinch Hitting: RHB Kenneth Henderson
|
0-0: Called Strike 0-1: Foul Ball, location: 2F 0-2: Fly out, F8 (Flyball, 8RXD, EV 93.1 MPH)
|
|
Batting: LHB Darcy Walker
|
0-0: Called Strike 0-1: Foul Ball, location: 2F 0-2: Foul Ball, location: 2F 0-2: Fly out, F9 (Flyball, 9D, EV 96.9 MPH)
|
|
Pinch Hitting: RHB Marc Heyison
|
0-0: Foul Ball, location: 2F 0-1: Ground out 6-3 (Groundball, 4M, EV 78.8 MPH)
|
| Bottom of the 9th over - 0 runs, 0 hits, 0 errors, 0 left on base; Billings 17 - Idaho Falls 2 |
|